 Dungeon Crawl Stone Soup version 0.19.0-2-gae57169 (webtiles) character file.

1777247 Findor the Axe Maniac (level 27, 273/273 HPs)
             Began as a Minotaur Berserker on Nov 5, 2016.
             Was a Priest of Trog.
             Escaped with the Orb
             ... and 3 runes on Nov 6, 2016!
             The game lasted 05:03:18 (68100 turns).

Findor the Axe Maniac (Minotaur Berserker)         Turns: 68100, Time: 05:03:19

Health: 273/273    AC: 43    Str: 27      XL:     27
Magic:  9/9        EV: 22    Int:  6 (8)  God:    Trog [***...]
Gold:   3951       SH:  0    Dex: 10      Spells: 0 memorised, 26 levels left

rFire  + + +     SeeInvis +     a - +9 executioner's axe (antimagic)
rCold  + . .     Gourm    .     e - +4 gold dragon scales
rNeg   + . .     Faith    .     (shield currently unavailable)
rPois  +         Spirit   .     q - +0 hat {MR+}
rElec  +         Reflect  .     A - +2 cloak of Listlessness {rN+}
rCorr  .         Harm     .     C - +2 pair of gloves {Str+3}
MR     ++++.                    v - +2 pair of boots of the Assassin {DetectMon Stab+ Stlth++}
Stlth  ..........               V - amulet of Quheybiz {rF++ MR+ Regen+}
                                u - ring of see invisible
                                o - ring of Dyxa {rElec EV+5 Str-5 Dex-2 Slay+4}

@: no status effects
A: retaliatory headbutt, horns 2, screaming 1
a: Berserk, Trog's Hand, Burn Spellbooks, Renounce Religion
0: Orb of Zot
}: 3/15 runes: decaying, serpentine, slimy


You escaped.
You worshipped Trog.
Trog was most pleased with you.
You were not hungry.

You visited 10 branches of the dungeon, and saw 53 of its levels.
You visited the Abyss 1 time.
You visited 1 bazaar.
You also visited: Trove and Ice Cave.

You collected 7190 gold pieces.
You spent 3239 gold pieces at shops.


Innate Abilities, Weirdness & Mutations

You reflexively headbutt those who attack you in melee.
You have a pair of horns on your head.
You occasionally shout uncontrollably at your foes.


   Skills:
 O Level 27 Fighting
 O Level 27 Axes
 - Level 5.1 Throwing
 O Level 27 Armour
 O Level 27 Dodging
 + Level 13.0 Stealth
 + Level 7.3 Evocations


You had 26 spell levels left.
You didn't know any spells.

Inventory:

Hand Weapons
 a - a +9 antimagic executioner's axe (weapon)
 b - the +7 battleaxe of Benevolence {flame, rElec rC+ SInv}
   (Trog gifted it to you on level 5 of the Pits of Slime)

   It has been specially enchanted to burn those struck by it, causing extra
   injury to most foes and up to half again as much damage against particularly
   susceptible opponents.
   Big, fiery blades are also staple armaments of hydra-hunters.
   It protects you from cold.
   It insulates you from electricity.
   It lets you see invisible.
Missiles
 H - 11 javelins of penetration (quivered)
Armour
 e - +4 gold dragon scales (worn)
 q - a +0 hat of magic resistance (worn)
 t - the +1 cloak "Yrur" {+Fly rElec Int-2 Stlth+}
   (You found it in a treasure trove)

   It affects your intelligence (-2).
   It insulates you from electricity.
   It lets you fly.
   It makes you more stealthy.
 v - the +2 pair of boots of the Assassin (worn) {DetectMon Stab+ Stlth++}
   (You found it in a treasure trove)

   It makes you much more stealthy.
 A - the +2 cloak of Listlessness (worn) {rN+}
   (You found it on level 5 of the Pits of Slime)

   It protects you from negative energy.
 C - a +2 pair of gloves of strength (worn)
Jewellery
 d - an uncursed ring of protection from cold
 h - the ring of the Peculiar Nights {rPois rF+ EV+3}
   (You bought it in a shop on level 8 of the Dungeon)

   [ring of evasion]

   It affects your evasion (+3).
   It protects you from fire.
   It protects you from poison.
 k - an uncursed ring of resist corrosion
 o - the ring of Dyxa (left hand) {rElec EV+5 Str-5 Dex-2 Slay+4}
   (You took it off a deep elf mage on level 3 of the Elven Halls)

   [ring of evasion]

   It affects your evasion (+5).
   It affects your strength (-5).
   It affects your dexterity (-2).
   It affects your accuracy and damage with ranged weapons and melee attacks
   (+4).
   It insulates you from electricity.
 u - a ring of see invisible (right hand)
 V - the amulet of Quheybiz (around neck) {rF++ MR+ Regen+}
   (You found it in an ice cave)

   [amulet of regeneration]

   It greatly protects you from fire.
   It affects your resistance to hostile enchantments.
   It increases your rate of regeneration.
 X - a +2 amulet of reflection
Wands
 c - a wand of heal wounds (3/9)
 l - a wand of teleportation (0/9)
 n - a wand of digging (14/24)
 w - a wand of random effects (38/48)
 I - a wand of teleportation (2/9)
 J - a wand of teleportation (7/9)
Scrolls
 g - 3 scrolls of identify
 m - 2 scrolls of magic mapping
 x - 4 scrolls of teleportation
 y - 4 scrolls of blinking
 B - 7 scrolls of fear
 D - a scroll of holy word
 L - a scroll of acquirement
 P - 8 scrolls of remove curse
 U - 4 scrolls of recharging
 W - 2 scrolls of silence {!r}
 Y - 5 scrolls of fog
Potions
 f - 6 potions of flight
 i - 2 potions of brilliance
 j - 3 potions of heal wounds
 r - 2 potions of invisibility
 s - a potion of resistance
 z - 5 potions of might
 E - 2 potions of ambrosia
 F - 2 potions of haste
 N - a potion of berserk rage {!q}
 O - a potion of agility
 Q - a potion of cure mutation {!q}
 T - a potion of magic
Comestibles
 p - a chunk of flesh
 K - 10 royal jellies
 S - a bread ration


Message History

There is a stone staircase leading up here.
You climb upwards.
There is a stone staircase leading down here.
Unknown command.
There is a stone staircase leading up here.
You climb upwards.
The goblin shouts!
There is a stone staircase leading down here.
You carve the goblin like a ham!!!!
You kill the goblin!
Trog accepts your kill.
You see here a club.
There is an open door here.
You open the door.
There is an open door here.
You open the door.
There is an open door here.
There is an open door here.
There is a staircase leading out of the dungeon here.
You have escaped!

.#
#...........)########
.#
#..........>.........
'######
######'#############.
......#
#...............
......#
##.#.###########
......# #######'#.#
......# #.....'.'.#
......# #.##'##.###
......# #.#.@.#.#
......# #.#...#.#
......# #.##+##.#
......# #.......#
......# #########
......# #######


There were no monsters in sight!

Vanquished Creatures
  the Royal Jelly (Slime:5)
  8 orbs of fire (Zot:5)
  Mara (Swamp:3)
  2 ancient liches (Zot:5)
  5 juggernauts
  The ghost of soberaf the Merfolkian Porcupine, a legendary MfMo of Hepliaklqana (Zot:5)
  Sojobo (Depths:1)
  Boris (Vaults:4)
  2 curse toes
  Vashnia (Snake:4)
  Saint Roka (Elf:3)
  3 Killer Klowns
  Jory (Depths:5)
  11 golden dragons
  Nikola (Swamp:4)
  The ghost of Dodecahedronist the Warrior, a veteran HEAr of Yredelemnul (Zot:4)
  A bone dragon (Depths:5)
  2 electric golems (Zot:5)
  2 liches
  17 tentacled monstrosities
  A Hell Sentinel (Zot:2)
  23 Orb Guardians
  3 deep elf blademasters
  A deep elf master archer (Elf:3)
  Gastronok (Lair:1)
  25 acid blobs
  9 quicksilver dragons
  A sphinx (Depths:5)
  2 thorn hunters (Swamp:4)
  Kirke (Lair:5)
  17 storm dragons
  Roxanne (D:15)
  9 death cobs
  Donald (Vaults:4)
  The ghost of Leibowitz the Impaler, a journeyman MfGl of Okawaru (Swamp:4)
  12 shadow dragons
  2 tengu reavers
  10 draconian monks
  7 nagarajas
  8 fire giants
  12 frost giants
  6 azure jellies
  7 draconian knights
  2 balrugs
  6 deep elf sorcerers
  3 ghost moths
  7 draconian scorchers
  2 orc warlords
  13 vault wardens
  2 iron dragons
  7 draconian zealots
  Aizul (Swamp:4)
  The ghost of Querens the Protected, a journeyman DDFi of Makhleb (Snake:1)
  4 draconian annihilators
  20 very ugly things
  3 deep elf elementalists (Elf:3)
  A reaper (Depths:4)
  15 ironheart preservers
  6 draconian shifters
  4 entropy weavers
  A draconian caller (Depths:5)
  A war gargoyle (Depths:3)
  20 stone giants
  12 deep elf demonologists
  12 black draconians
  4 vampire knights (Depths:3)
  A lorocyproca (D:15)
  7 yellow draconians
  5 deep elf annihilators (Elf:3)
  8 purple draconians
  13 red draconians
  8 green draconians
  9 mottled draconians
  9 white draconians
  A spark wasp (Depths:2)
  8 ettins
  Snorg (Lair:3)
  A blizzard demon (Depths:3)
  A crystal guardian (Vaults:3)
  11 fire dragons
  4 death oozes (Slime:5)
  10 ogre magi
  The ghost of Timinator the Fighter, a journeyman MiFi of Cheibriados (D:13)
  17 yaktaur captains
  7 deep elf death magi (Elf:3)
  Erolcha (D:9)
  14 great orbs of eyes
  8 deep elf high priests
  Harold (D:10)
  7 vault guards
  13 ice dragons
  3 rakshasas
  A monstrous demonspawn (Depths:4)
  24 naga warriors
  The ghost of Kloppie the Carver, a journeyman DsBe of Trog (IceCv)
  28 hydras
  4 ghost crabs
  An anaconda (shapeshifter) (Depths:2)
  6 spriggan air magi
  14 anacondas
  Erica (D:9)
  5 centaur warriors
  7 death yaks
  23 dancing weapons
  A death knight (Vaults:3)
  17 naga sharpshooters
  The ghost of Quirk the Fighter, a journeyman GrFi of Hepliaklqana (D:9)
  2 vampire magi
  2 orc high priests
  3 alligators
  12 spriggan berserkers
  18 tengu warriors
  12 deep troll shamans
  4 deep troll earth magi (Depths:4)
  11 shock serpents
  A titan zombie (D:15)
  3 sun demons (Depths:3)
  Sonja (Lair:4)
  23 deep elf knights
  4 shadow wraiths
  10 skeletal warriors
  5 salamander mystics (Snake:4)
  4 iron trolls
  A storm dragon zombie (Vaults:1)
  17 hell knights
  4 soul eaters
  A spark wasp zombie (D:15)
  5 glowing orange brains
  The ghost of Zigma the Eye of the Storm, a novice DrTm of Qazlal (D:7)
  10 swamp dragons
  35 deep trolls
  A quicksilver dragon simulacrum (Depths:3)
  7 naga ritualists
  4 wizards
  10 hill giants
  9 unseen horrors
  12 deep elf archers
  3 shambling mangroves
  7 flayed ghosts
  5 harpies
  5 necromancers
  A harpy (shapeshifter) (Vaults:4)
  11 mana vipers
  23 orc knights
  5 phantasmal warriors
  7 lindwurms
  11 ironbrand convokers
  A mana viper (shapeshifter) (Depths:4)
  8 wolf spiders
  80 deep elf magi
  3 tengu skeletons (Vaults:2)
  11 cyclopes
  3 orc sorcerers
  53 ugly things
  A glowing shapeshifter (Depths:5)
  2 manticores
  3 shining eyes
  A faun (shapeshifter) (Depths:4)
  27 moths of wrath
  7 salamanders
  A sphinx skeleton (Vaults:2)
  15 elephants
  A stone giant skeleton (Vaults:2)
  2 rust devils (Depths:3)
  An ice statue (Depths:3)
  34 black mambas
  An elephant (shapeshifter) (Depths:2)
  18 human skeletons
  4 eyes of devastation
  22 naga magi
  Joseph (D:9)
  A fire giant zombie (Vaults:1)
  A black mamba (shapeshifter) (D:15)
  9 vault sentinels
  A molten gargoyle (Depths:1)
  The ghost of NINUZHNO the Stinger, a novice GrVM of Kikubaaqudgha (D:6)
  6 guardian serpents
  10 spiny frogs
  A torpor snail (Lair:6)
  2 gargoyles
  A rime drake (IceCv)
  3 efreet (Depths:3)
  A yaktaur zombie (Depths:1)
  52 yaktaurs
  A spiny frog (shapeshifter) (D:15)
  A spriggan zombie (D:15)
  6 freezing wraiths
  3 hellwings (Depths:1)
  3 ice devils (Depths:3)
  4 komodo dragons
  3 red devils
  A queen bee (D:10)
  12 trolls
  A meliai (shapeshifter) (Depths:2)
  A merfolk (D:10)
  A polar bear (shapeshifter) (D:15)
  A troll (shapeshifter) (Vaults:2)
  3 tengu conjurers
  17 hornets
  9 polar bears (IceCv)
  2 jumping spiders (Vaults:4)
  5 tyrant leeches
  139 slime creatures
  2 two-headed ogres (shapeshifter)
  14 two-headed ogres
  A blink frog (shapeshifter) (Vaults:3)
  14 dream sheep
  9 bog bodies
  A deep troll zombie (D:15)
  2 meliai zombies
  10 air elementals
  11 hippogriffs
  4 flying skulls (Depths:3)
  A fire giant simulacrum (Vaults:1)
  4 shadows
  4 spriggans
  4 water elementals
  An ice dragon skeleton (Depths:1)
  3 wyverns
  6 redbacks
  66 yaks
  3 ettin skeletons (Vaults:2)
  A fire bat (Depths:1)
  A tarantella (shapeshifter) (Vaults:3)
  A tarantella (Vaults:3)
  4 fire elementals
  A hog (shapeshifter) (Vaults:4)
  4 hogs (Lair:5)
  8 golden eyes (Slime:5)
  5 wraiths
  4 basilisks
  3 hungry ghosts
  36 vampire mosquitoes
  A chaos spawn (Depths:4)
  A yaktaur simulacrum (Vaults:1)
  6 mottled dragons
  3 wargs
  11 insubstantial wisps
  51 nagas
  17 swamp worms
  A naga (shapeshifter) (Depths:3)
  A soldier ant (shapeshifter) (Vaults:4)
  7 water moccasins
  8 hell hounds
  2 floating eyes
  13 porcupines
  83 orc warriors
  12 swamp drakes
  4 black bears
  2 necrophages
  An ice dragon simulacrum (Abyss:3)
  2 phantoms
  4 sky beasts
  3 ice beasts
  4 ettin simulacra
  46 ogres
  8 eyes of draining
  28 wolves
  An ogre (shapeshifter) (Vaults:3)
  7 boggarts
  An orc skeleton (Vaults:2)
  17 centaurs
  10 crocodiles
  3 big kobolds
  A big kobold (shapeshifter) (Vaults:4)
  Blork the orc (D:4)
  22 bullfrogs
  2 earth elementals (Elf:1)
  A wyvern skeleton (D:13)
  2 scorpions
  34 killer bees
  7 wights
  6 jellies
  4 electric eels
  8 howler monkeys
  12 crimson imps
  6 bullfrog zombies
  A human simulacrum (Vaults:3)
  2 quasits
  5 starcursed masses (Depths:4)
  3 centaur zombies
  18 orc priests
  A gnoll shaman (D:4)
  Crazy Yiuf (D:2)
  6 hounds
  18 orc wizards
  3 bullfrog skeletons
  A small abomination (Abyss:3)
  3 centaur skeletons
  3 iguanas
  11 worker ants
  A killer bee zombie (D:7)
  A hound skeleton (D:5)
  A hound zombie (D:7)
  3 worker ant zombies
  6 gnolls
  13 adders
  5 river rats (D:10)
  7 shadow imps
  12 white imps
  An ooze (D:3)
  An adder skeleton (D:7)
  An adder zombie (D:7)
  A worm (shapeshifter) (Vaults:3)
  2 worms (D:4)
  5 dart slugs
  6 leopard geckos
  118 orcs
  5 giant cockroaches
  8 goblins
  2 hobgoblins
  13 jackals
  3 quokkas
  3 ball pythons
  4 bats
  3 frilled lizards
  A jackal zombie (D:5)
  15 kobolds
  2 leopard gecko skeletons
  A quokka skeleton (D:5)
  7 rats
  2 briar patches (Swamp:4)
  A bush (Lair:6)
  2 crawling corpses (Elf:1)
  11 fungi
  6 plants
  A withered plant (D:15)
2627 creatures vanquished.

Vanquished Creatures (collateral kills)
  Xtahua (Vaults:3)
  2 tengu reavers (Depths:1)
  A frost giant (Depths:4)
  A stone giant (Vaults:1)
  A vampire knight (Depths:4)
  An ettin (Depths:2)
  A deep elf high priest (Depths:3)
  An ice dragon (Depths:1)
  2 yaktaur captains
  2 ogre magi
  3 tengu warriors
  A hell knight (Depths:4)
  An iron troll (Depths:2)
  A skeletal warrior (Depths:3)
  A deep troll (Depths:2)
  2 wizards
  2 necromancers
  2 ugly things
  6 rust devils (Depths:3)
  A vault sentinel (Vaults:1)
  A human zombie (Vaults:1)
  4 yaktaurs
  A hellwing (Depths:1)
  A red devil (Depths:1)
  A wind drake (shapeshifter) (Vaults:3)
  3 slime creatures (Vaults:1)
  A fire bat (Depths:1)
  2 ogres
  2 crimson imps (Depths:1)
49 creatures vanquished.

Vanquished Creatures (others)
  A very ugly thing (Depths:4)
  An alligator (Swamp:3)
  2 spriggan druids (Swamp:3)
  A quicksilver dragon simulacrum (Depths:3)
  A deep troll (Depths:4)
  A necromancer (Depths:4)
  A moth of wrath (Zot:5)
  A yaktaur (Depths:1)
  2 slime creatures
  2 spriggans (Swamp:3)
  An insubstantial wisp (Swamp:3)
  A naga (Snake:4)
  A swamp drake (Swamp:3)
  An ettin simulacrum (Depths:3)
  A bush (D:10)
  11 fungi
  12 plants
  A withered plant (D:15)
42 creatures vanquished.

Grand Total: 2718 creatures vanquished

Notes
Turn   | Place    | Note
-------+----------+-------------------------------------------
     0 | D:1      | Findor the Minotaur Berserker began the quest for the Orb.
     0 | D:1      | Reached XP level 1. HP: 19/19 MP: 0/0
   125 | D:1      | Reached XP level 2. HP: 26/26 MP: 1/1
   356 | D:1      | Reached ** piety under Trog
   733 | D:2      | Reached XP level 3. HP: 31/31 MP: 2/2
  1060 | D:2      | Found a runed door.
  1410 | D:2      | Found a stormy altar of Qazlal.
  1413 | D:2      | Found a shattered altar of Ashenzari.
  1416 | D:2      | Found a snail-covered altar of Cheibriados.
  1728 | D:2      | Noticed Crazy Yiuf
  1733 | D:2      | HP: 8/46 [Crazy Yiuf/quarterstaff of chaos (2)]
  1734 | D:2      | Killed Crazy Yiuf
  1734 | D:2      | Reached skill level 6 in Axes
  1734 | D:2      | Reached XP level 4. HP: 11/39 MP: 3/3
  2195 | D:3      | Found a burning altar of Makhleb.
  2246 | D:3      | Reached XP level 5. HP: 35/45 MP: 4/4
  2293 | D:3      | HP: 9/45 [worker ant (6)]
  2668 | D:3      | Noticed a water moccasin
  2679 | D:3      | Found a blossoming altar of Fedhas.
  3148 | D:4      | Found Rott's Food Boutique.
  3151 | D:4      | Noticed Blork the orc
  3173 | D:4      | Killed Blork the orc
  3173 | D:4      | Reached XP level 6. HP: 51/51 MP: 5/5
  3204 | D:4      | HP: 9/51 [gnoll/spear (9)]
  3210 | D:4      | HP: 7/51 [gnoll/spear (5)]
  3557 | D:4      | Found a staircase to the Ecumenical Temple.
  3630 | D:4      | Reached skill level 9 in Axes
  3686 | D:4      | Noticed 2tc's ghost (novice FoAK)
  4353 | D:5      | Entered Level 5 of the Dungeon
  4382 | D:5      | Found a shimmering altar of Xom.
  4436 | D:5      | Reached XP level 7. HP: 47/57 MP: 6/6
  5266 | D:6      | Reached XP level 8. HP: 63/64 MP: 7/7
  5475 | D:6      | Noticed NINUZHNO's ghost (novice GrVM)
  5487 | D:6      | Killed NINUZHNO's ghost
  5487 | D:6      | Reached skill level 12 in Axes
  5622 | D:6      | Reached *** piety under Trog
  5707 | D:6      | Gained mutation: Armour fits poorly on your strangely shaped body. [potion of mutation]
  5707 | D:6      | Gained mutation: You are dopey. (Int -2) [potion of mutation]
  5707 | D:6      | Gained mutation: You have an increased reservoir of magic. (+10% MP) [potion of mutation]
  5932 | D:7      | Noticed Zigma's ghost (novice DrTm)
  5953 | D:7      | Killed Zigma's ghost
  5953 | D:7      | Reached XP level 9. HP: 70/70 MP: 8/8
  6266 | D:7      | Found a sacrificial altar of Ru.
  6620 | D:8      | Reached skill level 15 in Axes
  6702 | D:8      | Noticed a purple ugly thing
  6712 | D:8      | Killed a purple ugly thing
  7025 | D:8      | Reached XP level 10. HP: 58/78 MP: 10/10
  7098 | D:8      | Reached skill level 3 in Armour
  7100 | D:8      | Reached **** piety under Trog
  7411 | D:8      | Found Fiuru's Jewellery Boutique.
  7673 | D:9      | Noticed Joseph
  7688 | D:9      | HP: 22/118 [Joseph/quarterstaff (2)]
  7689 | D:9      | Killed Joseph
  7689 | D:9      | Reached skill level 3 in Dodging
  8065 | D:9      | Noticed Quirk's ghost (journeyman GrFi)
  8071 | D:9      | Noticed Erica
  8080 | D:9      | Killed Quirk's ghost
  8090 | D:9      | Killed Erica
  8300 | D:9      | Received a gift from Trog
  8390 | D:9      | Noticed Erolcha
  8407 | D:9      | Killed Erolcha
  8407 | D:9      | Reached skill level 6 in Fighting
  8735 | D:9      | Reached XP level 11. HP: 80/89 MP: 11/11
  9022 | D:10     | Entered Level 10 of the Dungeon
  9036 | D:10     | Lost mutation: Armour fits poorly on your strangely shaped body. [potion of cure mutation]
  9036 | D:10     | Lost mutation: You have an increased reservoir of magic. (+10% MP) [potion of cure mutation]
  9036 | D:10     | Lost mutation: You are dopey. (Int -2) [potion of cure mutation]
  9106 | D:10     | Noticed a hill giant
  9117 | D:9      | Reached skill level 6 in Armour
  9133 | D:10     | Killed a hill giant
  9194 | D:10     | Noticed a hill giant
  9205 | D:10     | Killed a hill giant
  9633 | D:10     | Found a shimmering altar of Xom.
  9699 | D:10     | Found Morghis's Food Emporium.
  9725 | D:10     | Found a staircase to the Lair.
  9742 | D:10     | Reached skill level 6 in Dodging
  9754 | D:10     | Reached skill level 18 in Axes
  9856 | D:10     | Found a staircase to the Orcish Mines.
  9993 | D:10     | Found a portal to a secret trove of treasure.
  9996 | D:10     | Reached ***** piety under Trog
 10010 | D:10     | Noticed Harold
 10170 | D:10     | Killed Harold
 10307 | D:10     | Reached XP level 12. HP: 93/101 MP: 11/11
 10633 | D:11     | Found a bloodstained altar of Trog.
 11223 | D:12     | Received a gift from Trog
 11639 | D:12     | Reached skill level 9 in Fighting
 11743 | D:12     | Reached skill level 9 in Armour
 12552 | D:12     | Noticed an eight-headed hydra
 12562 | D:12     | Killed a 14-headed hydra
 12968 | Lair:1   | Entered Level 1 of the Lair of Beasts
 13046 | Lair:1   | Noticed Gastronok
 13061 | Lair:1   | Killed Gastronok
 13720 | Lair:2   | Found a staircase to the Swamp.
 13728 | Lair:2   | Reached skill level 9 in Dodging
 13764 | Lair:2   | Reached XP level 13. HP: 101/113 MP: 4/12
 14231 | D:8      | Bought the ring of the Peculiar Nights {rPois rF+ EV+3} for 509 gold pieces
 14810 | Lair:3   | Found a staircase to the Snake Pit.
 15013 | Lair:3   | Noticed Snorg
 15022 | Lair:3   | Killed Snorg
 15483 | Lair:4   | Received a gift from Trog
 15593 | Lair:4   | Noticed Sonja
 15599 | Lair:4   | Killed Sonja
 16761 | Lair:5   | Noticed Kirke
 16775 | Lair:5   | Killed Kirke
 17313 | Lair:6   | Entered Level 6 of the Lair of Beasts
 17313 | Lair:6   | Found a frozen archway.
 17500 | Lair:6   | Reached XP level 14. HP: 94/124 MP: 4/13
 17674 | IceCv    | Entered an ice cave
 17719 | IceCv    | Got a transparent lead amulet
 17720 | IceCv    | Identified the amulet of Quheybiz {rF++ MR+ Regen+} (You found it in an ice cave)
 17902 | IceCv    | Received a gift from Trog
 17969 | IceCv    | Gained mutation: You are agile. (Dex +2) [potion of beneficial mutation]
 18005 | IceCv    | Noticed Kloppie's ghost (journeyman DsBe)
 18029 | IceCv    | Killed Kloppie's ghost
 18093 | IceCv    | Noticed a frost giant
 18106 | IceCv    | Killed a frost giant
 18106 | IceCv    | Reached skill level 21 in Axes
 18180 | IceCv    | Identified the Catalogue of the Glacier
 18260 | Lair:6   | Reached skill level 12 in Armour
 18846 | Lair:6   | Found a staircase to the Slime Pits.
 18947 | Lair:6   | Reached skill level 12 in Fighting
 19827 | Orc:1    | Entered Level 1 of the Orcish Mines
 20098 | Orc:2    | Entered Level 2 of the Orcish Mines
 20131 | Orc:2    | Found a staircase to the Elven Halls.
 20147 | Orc:2    | Received a gift from Trog
 20371 | Orc:2    | Reached XP level 15. HP: 134/134 MP: 4/14
 20375 | Orc:2    | Reached skill level 12 in Dodging
 20463 | Orc:1    | Found Ikior's Armour Shoppe.
 21026 | Orc:2    | Received a gift from Trog
 21118 | Orc:2    | Noticed an orc warlord
 21130 | Orc:2    | Killed an orc warlord
 21137 | Orc:2    | Found Veejom's Assorted Antiques.
 21139 | Orc:2    | HP: 32/201 [orc warrior/halberd[an orc warlord] (11)]
 21143 | Orc:2    | HP: 10/134 [orc warrior/halberd[an orc warlord] (13)]
 21642 | Orc:2    | Found Vuappum's Assorted Antiques.
 21642 | Orc:2    | Found Oquclosm's Magic Scroll Emporium.
 21644 | Orc:2    | Found Kisumair's Distillery.
 21646 | Orc:2    | Found Bonee's Assorted Antiques.
 21650 | Orc:2    | Bought a scroll of identify for 42 gold pieces
 21651 | Orc:2    | Bought a scroll of teleportation for 30 gold pieces
 21651 | Orc:2    | Bought a scroll of identify for 20 gold pieces
 21651 | Orc:2    | Bought a scroll of identify for 20 gold pieces
 21651 | Orc:2    | Bought a scroll of identify for 20 gold pieces
 21651 | Orc:2    | Bought a scroll of identify for 20 gold pieces
 21651 | Orc:2    | Bought a scroll of identify for 20 gold pieces
 21653 | Orc:2    | Bought a potion of heal wounds for 70 gold pieces
 21694 | Orc:2    | Bought 2 silvery potions for 37 gold pieces
 22693 | D:13     | Found a blossoming altar of Fedhas.
 22812 | D:13     | Noticed Timinator's ghost (journeyman MiFi)
 22819 | D:13     | Killed Timinator's ghost
 23108 | D:14     | Found a gate to the Vaults.
 23709 | D:15     | Entered Level 15 of the Dungeon
 23846 | D:15     | Noticed Roxanne
 24226 | D:15     | Received a gift from Trog
 24393 | D:15     | Reached XP level 16. HP: 86/141 MP: 5/15
 24481 | D:15     | Found a staircase to the Depths.
 24574 | D:15     | Reached skill level 24 in Axes
 25154 | Swamp:1  | Entered Level 1 of the Swamp
 26232 | Swamp:2  | Received a gift from Trog
 26295 | Swamp:1  | Reached ****** piety under Trog
 27320 | Swamp:3  | Received a gift from Trog
 28027 | Swamp:3  | Reached XP level 17. HP: 148/148 MP: 5/16
 28212 | Swamp:4  | Entered Level 4 of the Swamp
 28212 | Swamp:4  | Noticed Mara
 28235 | Swamp:3  | Killed Mara
 28332 | Swamp:4  | Noticed Aizul
 28648 | Swamp:4  | Reached XP level 18. HP: 126/156 MP: 5/17
 28822 | Swamp:4  | Noticed Nikola
 28953 | Swamp:3  | Received a gift from Trog
 29107 | Swamp:4  | Noticed Leibowitz's ghost (journeyman MfGl)
 29143 | Swamp:4  | Killed Leibowitz's ghost
 29383 | Swamp:4  | Killed Nikola
 29489 | Swamp:4  | Killed Aizul
 29700 | Swamp:4  | Got a decaying rune of Zot
 30132 | Snake:1  | Entered Level 1 of the Snake Pit
 30157 | Snake:1  | Noticed Querens's ghost (journeyman DDFi)
 30174 | Snake:1  | Killed Querens's ghost
 30873 | Elf:1    | Entered Level 1 of the Elven Halls
 30934 | Elf:1    | Found a radiant altar of Vehumet.
 31030 | Elf:1    | Received a gift from Trog
 32220 | Elf:2    | Found a runed gate.
 32220 | Elf:2    | Found a runed gate.
 32225 | Elf:2    | Found a runed gate.
 32393 | Elf:2    | Reached skill level 15 in Armour
 32571 | Elf:2    | Received a gift from Trog
 32717 | Elf:2    | Reached skill level 15 in Fighting
 32741 | Elf:2    | Reached XP level 19. HP: 137/170 MP: 6/18
 33269 | Elf:3    | Entered Level 3 of the Elven Halls
 33537 | Elf:3    | Received a gift from Trog
 33794 | Elf:3    | Reached skill level 15 in Dodging
 33872 | Elf:3    | Noticed Saint Roka
 33884 | Elf:3    | Killed Saint Roka
 34081 | Elf:3    | Received a gift from Trog
 34315 | Elf:3    | Got a flickering golden ring
 34398 | Elf:3    | Got a brightly glowing pewter ring
 34660 | Elf:3    | Found a gateway to a bazaar.
 34667 | Elf:3    | Identified the ring "Naellon" {Wiz *Drain Int+4} (You took it off a deep elf annihilator on level 3 of the Elven Halls)
 34668 | Elf:3    | Identified the ring of Dyxa {rElec EV+5 Str-5 Dex-2 Slay+4} (You took it off a deep elf mage on level 3 of the Elven Halls)
 34681 | Bazaar   | Entered a bazaar
 34685 | Bazaar   | Found Qimusauju's General Store.
 34703 | Bazaar   | Found Cumum's Antique Weapon Shoppe.
 34720 | Bazaar   | Found Bampy's Book Boutique.
 34737 | Bazaar   | Found Ysiuk's Food Emporium.
 34759 | Bazaar   | Bought a scroll of blinking for 120 gold pieces
 34774 | Bazaar   | Bought a runed hand axe for 315 gold pieces
 34774 | Bazaar   | Bought a runed broad axe for 350 gold pieces
 34816 | Bazaar   | Bought a meat ration for 40 gold pieces
 34816 | Bazaar   | Bought a meat ration for 40 gold pieces
 34816 | Bazaar   | Bought a meat ration for 40 gold pieces
 34816 | Bazaar   | Bought a meat ration for 40 gold pieces
 35145 | Elf:3    | Identified Roschila's Papyrus of Orientation and Augmentations
 35201 | Elf:3    | Identified the Grimoire of Ghastly Confrontation
 35242 | Elf:3    | Received a gift from Trog
 35243 | Elf:3    | Got a bloodstained arbalest {god gift}
 35439 | Orc:1    | Bought a +2 pair of gloves of strength for 301 gold pieces
 36018 | Snake:2  | Reached XP level 20. HP: 142/184 MP: 1/19
 37776 | Snake:4  | Entered Level 4 of the Snake Pit
 37852 | Snake:4  | Noticed Vashnia
 37891 | Snake:4  | HP: 36/184 [shock serpent/electric aura (17)]
 37893 | Snake:4  | Killed Vashnia
 37893 | Snake:4  | Received a gift from Trog
 37895 | Snake:4  | Got a translucent battleaxe {god gift}
 37955 | Snake:4  | Identified the +11 battleaxe of Untimely Demise {chop, Str+4 Stlth+} (Trog gifted it to you on level 4 of the Snake Pit)
 38269 | Snake:4  | Reached skill level 18 in Armour
 38465 | Snake:4  | Found Nepoe's Book Emporium.
 39033 | Snake:4  | HP: 30/187 [salamander mystic/bolt of magma (18)]
 39316 | Snake:4  | Received a gift from Trog
 39316 | Snake:4  | Reached skill level 18 in Fighting
 39893 | Snake:4  | Reached XP level 21. HP: 103/195 MP: 2/20
 40160 | Snake:4  | Got a serpentine rune of Zot
 40541 | D:8      | Bought an uncursed ring of resist corrosion for 260 gold pieces
 40804 | Slime:1  | Entered Level 1 of the Pits of Slime
 40827 | Slime:1  | Received a gift from Trog
 41809 | Slime:5  | Entered Level 5 of the Pits of Slime
 41814 | Slime:5  | Received a gift from Trog
 42070 | Slime:5  | Lost mutation: You are agile. (Dex +2) [a shining eye]
 42075 | Slime:5  | Gained mutation: Scrolls take you a little longer to read. [a shining eye]
 42138 | Slime:5  | Reached skill level 18 in Dodging
 42521 | Slime:5  | Noticed the Royal Jelly
 42706 | Slime:5  | Found a viscous altar of Jiyva.
 42713 | Slime:5  | Received a gift from Trog
 42714 | Slime:5  | Got a shimmering battleaxe {god gift}
 42772 | Slime:5  | Killed the Royal Jelly
 42772 | Slime:5  | Reached skill level 21 in Armour
 42781 | Slime:5  | HP: 29/198 [death ooze[the Royal Jelly] (15)]
 42941 | Slime:5  | Got a warped bone ring
 42944 | Slime:5  | Got a transparent cloak
 42970 | Slime:5  | Got a slimy rune of Zot
 43020 | Slime:5  | Got a scintillating granite ring
 43084 | Slime:5  | Identified the +2 cloak of Listlessness {rN+} (You found it on level 5 of the Pits of Slime)
 43129 | Slime:5  | Got a polished leather armour
 43152 | Slime:5  | Got a slimy scale mail
 43161 | Slime:5  | Got a translucent glaive
 43170 | Slime:5  | Got a faintly glowing falchion
 43391 | Lair:1   | Identified the ring "Emoh" {rPois rC- Dex+4 Slay+3 SInv} (You found it on level 5 of the Pits of Slime)
 43393 | Lair:1   | Identified the ring of Impatience {Fire Str+3 Dex+4} (You found it on level 5 of the Pits of Slime)
 43503 | Orc:2    | Bought a scroll of identify for 52 gold pieces
 43503 | Orc:2    | Bought a scroll of identify for 52 gold pieces
 43505 | Orc:2    | Identified the +2 scale mail "Zoeq Rub" {rPois Regen+ Int-4 Dex+5} (You found it on level 5 of the Pits of Slime)
 43507 | Orc:2    | Identified the +7 battleaxe of Benevolence {flame, rElec rC+ SInv} (Trog gifted it to you on level 5 of the Pits of Slime)
 44227 | Vaults:1 | Entered Level 1 of the Vaults
 44388 | Vaults:1 | Reached XP level 22. HP: 206/206 MP: 7/21
 44620 | Vaults:1 | Found Cenaem's General Store.
 44628 | Vaults:1 | Bought a scroll of enchant armour for 120 gold pieces
 44910 | Vaults:1 | Received a gift from Trog
 45626 | Vaults:2 | Found a staircase to the Crypt.
 45893 | Vaults:2 | Received a gift from Trog
 47787 | Vaults:3 | Received a gift from Trog
 48079 | Vaults:3 | Reached XP level 23. HP: 217/217 MP: 7/22
 48391 | Vaults:3 | Noticed Xtahua
 48397 | Vaults:3 | Killed Xtahua
 48691 | Vaults:4 | Received a gift from Trog
 48692 | Vaults:4 | Got a polished broad axe {god gift}
 48966 | Vaults:4 | HP: 42/217 [yaktaur/bolt[a yaktaur captain] (7)]
 49250 | Vaults:4 | Noticed Donald
 49263 | Vaults:4 | Killed Donald
 49808 | Vaults:4 | Reached skill level 24 in Armour
 49851 | Vaults:4 | Found Oklag's Weapon Shoppe.
 49875 | Vaults:4 | Reached skill level 21 in Fighting
 50025 | Vaults:4 | Received a gift from Trog
 50235 | Vaults:4 | Noticed Boris
 50245 | Vaults:4 | Killed Boris
 50629 | D:15     | Killed Roxanne
 50680 | Depths:1 | Entered Level 1 of the Depths
 50680 | Depths:1 | Noticed a juggernaut
 50689 | Depths:1 | Killed a juggernaut
 51064 | Depths:1 | Received a gift from Trog
 51070 | Depths:1 | Identified the +7 broad axe of Corporal Punishment {venom, rF+ rC+} (Trog gifted it to you on level 4 of the Vaults)
 51106 | Depths:1 | Noticed Sojobo
 51109 | Depths:1 | Paralysed by a floating eye for 4 turns
 51130 | Depths:1 | Killed Sojobo
 51130 | Depths:1 | Reached XP level 24. HP: 157/228 MP: 7/22
 51154 | Depths:1 | Received a gift from Trog
 51283 | Depths:1 | Found a gateway to Hell.
 51926 | Depths:2 | Received a gift from Trog
 52098 | Depths:2 | Found a corrupted altar of Lugonu.
 52098 | Depths:2 | Found a one-way gate to the infinite horrors of the Abyss.
 52215 | Depths:2 | Reached skill level 1 in Throwing
 52219 | Depths:2 | Reached skill level 1 in Evocations
 52303 | Depths:2 | Received a gift from Trog
 52310 | Depths:2 | Reached skill level 3 in Throwing
 52491 | Depths:2 | Reached skill level 3 in Evocations
 52930 | Depths:3 | Reached skill level 1 in Stealth
 53220 | Depths:3 | Received a gift from Trog
 53269 | Depths:3 | Reached skill level 3 in Stealth
 53390 | Depths:3 | Noticed a juggernaut
 53400 | Depths:3 | Killed a juggernaut
 53469 | Depths:3 | Reached skill level 21 in Dodging
 53563 | Depths:3 | Noticed a juggernaut
 53579 | Depths:3 | Killed a juggernaut
 53691 | Depths:3 | Found a white marble altar of Elyvilon.
 53934 | Depths:3 | Reached XP level 25. HP: 221/238 MP: 8/25
 54083 | Depths:3 | Reached skill level 6 in Stealth
 54254 | Depths:3 | Found a sacrificial altar of Ru.
 54276 | Depths:3 | Received a gift from Trog
 54530 | Depths:3 | Found a sparkling altar of Nemelex Xobeh.
 54530 | Depths:3 | Found a one-way gate leading to the halls of Pandemonium.
 54754 | Depths:3 | Found a snail-covered altar of Cheibriados.
 54778 | Depths:3 | Received a gift from Trog
 54778 | Depths:3 | Reached skill level 27 in Axes
 55177 | Depths:4 | Received a gift from Trog
 55274 | Depths:4 | Noticed a juggernaut
 55550 | Depths:4 | Found Saxocif's Gadget Emporium.
 55551 | Depths:4 | Found Qixtooso's Jewellery Boutique.
 55553 | Depths:4 | Found Cisu's Gadget Emporium.
 55606 | Depths:4 | Received a gift from Trog
 55616 | Depths:4 | Cast into level 3 of the Abyss (a lich)
 55674 | Depths:4 | Escaped the Abyss
 55678 | Depths:4 | Reached skill level 9 in Stealth
 55684 | Depths:4 | HP: 46/240 [starcursed mass/accursed screaming (7)]
 55920 | Depths:4 | Killed a juggernaut
 56071 | Depths:4 | Received a gift from Trog
 56543 | Depths:5 | Entered Level 5 of the Depths
 56598 | Depths:4 | Received a gift from Trog
 56814 | Depths:5 | Received a gift from Trog
 56860 | Depths:5 | Found a gateway to a ziggurat.
 56999 | Depths:5 | Noticed Jory
 57015 | Depths:5 | Killed Jory
 57133 | Depths:5 | Noticed a juggernaut
 57162 | Depths:5 | Killed a juggernaut
 57283 | Depths:5 | Reached XP level 26. HP: 237/251 MP: 8/25
 57479 | Depths:5 | Found a gate to the Realm of Zot.
 57966 | Zot:1    | Entered Level 1 of the Realm of Zot
 57989 | Zot:1    | Received a gift from Trog
 58129 | Zot:1    | Found a corrupted altar of Lugonu.
 58833 | Orc:2    | Bought a potion of curing for 42 gold pieces
 58833 | Orc:2    | Bought a potion of curing for 42 gold pieces
 58833 | Orc:2    | Bought a potion of heal wounds for 70 gold pieces
 58833 | Orc:2    | Bought a potion of might for 56 gold pieces
 58833 | Orc:2    | Bought a potion of haste for 140 gold pieces
 58833 | Orc:2    | Bought a potion of resistance for 140 gold pieces
 58836 | Orc:2    | Bought a potion of curing for 63 gold pieces
 58871 | Orc:2    | Bought a potion of heal wounds for 105 gold pieces
 58871 | Orc:2    | Bought a potion of curing for 63 gold pieces
 59022 | D:10     | You paid a toll of 18 potions of curing to enter a treasure trove
 59023 | Trove    | Entered a treasure trove
 59032 | Trove    | Got a warped buckler
 59046 | Trove    | Got an ancient cloak
 59050 | Trove    | Got a pair of jewelled boots
 59065 | Trove    | Got a crude ring mail
 59071 | Trove    | Got a smoking ring mail
 59104 | D:10     | Identified the +0 pair of boots "Mataynot" {+Inv} (You found it in a treasure trove)
 59126 | D:10     | Identified the +1 cloak "Yrur" {+Fly rElec Int-2 Stlth+} (You found it in a treasure trove)
 59191 | D:10     | Identified the +2 ring mail of Divine Intervention {rElec Str+4} (You found it in a treasure trove)
 59328 | Depths:2 | Received a gift from Trog
 59811 | Lair:1   | Lost mutation: Scrolls take you a little longer to read. [potion of cure mutation]
 60657 | Zot:1    | Reached skill level 27 in Armour
 61066 | Zot:2    | Reached skill level 24 in Fighting
 61960 | Zot:3    | Received a gift from Trog
 62411 | Zot:3    | Received a gift from Trog
 62989 | Zot:4    | Noticed Dodecahedronist's ghost (veteran HEAr)
 63175 | Zot:4    | Killed Dodecahedronist's ghost
 63175 | Zot:4    | Reached XP level 27. HP: 190/266 MP: 8/25
 64752 | Zot:5    | Entered Level 5 of the Realm of Zot
 64766 | Zot:4    | Reached skill level 24 in Dodging
 64913 | Zot:5    | Noticed soberaf's ghost (legendary MfMo)
 64953 | Zot:5    | Reached skill level 27 in Fighting
 65140 | Zot:5    | Killed soberaf's ghost
 65551 | Zot:5    | Noticed an ancient lich
 65561 | Zot:5    | Killed an ancient lich
 65626 | Zot:5    | Noticed an orb of fire
 65641 | Zot:5    | Killed an orb of fire
 65732 | Zot:5    | Noticed an orb of fire
 65748 | Zot:5    | Killed an orb of fire
 65774 | Zot:5    | Noticed an orb of fire
 65781 | Zot:5    | Gained mutation: You regenerate slowly when monsters are visible. [an orb of fire]
 65783 | Zot:5    | Gained mutation: You do not regenerate when monsters are visible. [an orb of fire]
 65785 | Zot:5    | Lost mutation: You do not regenerate when monsters are visible. [an orb of fire]
 65803 | Zot:5    | Killed an orb of fire
 65805 | Zot:5    | Received a gift from Trog
 65817 | Zot:5    | Noticed an orb of fire
 65818 | Zot:5    | Gained mutation: You are frail. (-10% HP) [an orb of fire]
 65839 | Zot:5    | Gained mutation: You are very frail. (-20% HP) [an orb of fire]
 65840 | Zot:5    | Gained mutation: You expend magic power (3 MP) to strengthen your wands. [an orb of fire]
 65841 | Zot:5    | Killed an orb of fire
 65842 | Zot:5    | Lost mutation: You are very frail. (-20% HP) [potion of cure mutation]
 65842 | Zot:5    | Lost mutation: You are frail. (-10% HP) [potion of cure mutation]
 65842 | Zot:5    | Lost mutation: You expend magic power (3 MP) to strengthen your wands. [potion of cure mutation]
 65903 | Zot:5    | Noticed an orb of fire
 65905 | Zot:5    | Gained mutation: Your magical capacity is low. (-10% MP) [an orb of fire]
 65914 | Zot:5    | Killed an orb of fire
 65916 | Zot:5    | Noticed an orb of fire
 65917 | Zot:5    | Gained mutation: You tend to lose your temper in combat. [an orb of fire]
 65918 | Zot:5    | Noticed an orb of fire
 65920 | Zot:5    | Noticed an orb of fire
 65923 | Zot:5    | Gained mutation: You are frail. (-10% HP) [an orb of fire]
 65925 | Zot:5    | Gained mutation: You are very frail. (-20% HP) [an orb of fire]
 65928 | Zot:5    | Gained mutation: You often lose your temper in combat. [an orb of fire]
 65949 | Zot:5    | Noticed an electric golem
 65969 | Zot:5    | Noticed an electric golem
 65975 | Zot:5    | Killed an electric golem
 65979 | Zot:5    | Killed an electric golem
 66545 | Lair:1   | Lost mutation: You often lose your temper in combat. [potion of cure mutation]
 66545 | Lair:1   | Lost mutation: You are very frail. (-20% HP) [potion of cure mutation]
 66545 | Lair:1   | Lost mutation: You are frail. (-10% HP) [potion of cure mutation]
 66545 | Lair:1   | Lost mutation: Your magical capacity is low. (-10% MP) [potion of cure mutation]
 66545 | Lair:1   | Lost mutation: You tend to lose your temper in combat. [potion of cure mutation]
 66909 | Zot:5    | Noticed an ancient lich
 66922 | Zot:5    | Killed an ancient lich
 66937 | Zot:5    | Killed an orb of fire
 66962 | Zot:5    | Gained mutation: Scrolls take you a little longer to read. [an orb of fire]
 66970 | Zot:5    | Killed an orb of fire
 67038 | Zot:5    | Gained mutation: You are frail. (-10% HP) [an orb of fire]
 67055 | Zot:5    | Gained mutation: Scrolls take you longer to read. [an orb of fire]
 67056 | Zot:5    | Killed an orb of fire
 67056 | Zot:5    | Reached skill level 27 in Dodging
 67057 | Zot:5    | Lost mutation: Scrolls take you longer to read. [potion of cure mutation]
 67057 | Zot:5    | Lost mutation: Scrolls take you a little longer to read. [potion of cure mutation]
 67057 | Zot:5    | Lost mutation: You are frail. (-10% HP) [potion of cure mutation]
 67057 | Zot:5    | Lost mutation: You regenerate slowly when monsters are visible. [potion of cure mutation]
 67166 | Zot:5    | Reached skill level 12 in Stealth
 67291 | Zot:5    | Reached skill level 6 in Evocations
 67342 | Zot:5    | Got the Orb of Zot
 67524 | Zot:1    | Noticed a seraph
 67697 | Depths:1 | Noticed Ippet the pandemonium lord
 67722 | D:15     | Noticed Qovari the pandemonium lord
 67835 | D:13     | Noticed Ymniren the pandemonium lord
 67978 | D:7      | Gained mutation: You occasionally shout uncontrollably at your foes. [a neqoxec]
 68100 | D:$      | Escaped with the Orb!

Vault maps used:
D:1:      ncdulo_smallfort, minmay_pentomino_s2
D:2:      grunt_temple_overflow_diamond, corexii_item_surrounded_by_moat,
          uniq_crazy_yiuf_cottage
D:3:      lemuel_round_altar, makhleb_grotto_becter
D:4:      serial_shops, shop, uniq_blork_the_orc
D:5:      brannock_xom_greatest_gift, first_bread
D:7:      nicolae_ru_the_path_less_chosen
D:8:      minmay_diamond_stairs, serial_shops, shop
D:9:      uniq_erolcha, uniq_joseph, uniq_erica
D:10:     minmay_lair_entry_grove, kennysheep_orc_monster_closet_entryway,
          special_room, enter_trove_0, basic_altar, serial_shops, shop,
          hangedman_fish_farm, minivault_25, uniq_harold
D:11:     basic_altar, kennysheep_pointless_box
D:12:     minmay_crystal_water, grunt_ministairs_2
D:13:     fedhas_altar_2
D:14:     minmay_weird_star, david_vaults_4, minmay_holes, serial_glass,
          glass_columns_a, glass_columns_a
D:15:     gammafunk_depths_entry_grave, uniq_roxanne
Lair:1:   minivault_11, minmay_hedge_maze, uniq_gastronok
Lair:2:   minmay_swamp_entry_swarm, st_stairs_8, lemuel_fruit_tree
Lair:3:   minmay_snake_entry_guardpost_small, grunt_megastairs_1, uniq_snorg
Lair:4:   grunt_megastairs_4, uniq_sonja
Lair:5:   nicolae_quartered_pool_medium, serial_bayou_crossing,
          grunt_megastairs_3, uniq_kirke
Lair:6:   due_jungle_book, slime_dummy, portal_ice_cave_entry_imps,
          nicolae_quartered_pool_little, grunt_forest_small_clearings
Swamp:1:  evilmike_swamp_ruin_house_1, infiniplex_staircase_pool_2
Swamp:2:  evilmike_swamp_ruin_house_2
Swamp:3:  evilmike_swamp_ruin_house_4
Swamp:4:  swamp_alternative, uniq_aizul, uniq_mara, uniq_nikola
Snake:2:  onia_ninara_swampy_vault, serial_bayou_shore_b
Snake:4:  snake_pit_salamanders_mu, serial_shops, nicolae_shop_behind_doors,
          uniq_vashnia
Orc:1:    nicolae_orc_accident_1, serial_shops, shop_statue
Orc:2:    st_orc_rangers, serial_shops, shop, elves_outpost_lemuel
Elf:1:    eino_elf_arrival_altar, kennysheep_underground_church
Elf:3:    grunt_elf_hall_diamonds, serial_shops, statue_bzr, uniq_saint_roka
Vaults:1: hangedman_vaults_hard_town_square, v_rooms_2,
          vaults_room_grunt_arrival_ludios, hangedman_vaults_trim, v_pattern_1,
          nicolae_vaults_shelves_hall, serial_shops,
          nicolae_shop_competitors_out_of_business
Vaults:2: minmay_crypt_entry_skeletal_spiral, ontoclasm_vaults_pinch, v_rooms_4,
          nicolae_vaults_twisting_passages, v_misc_30, nicolae_vaults_little_ls,
          nicolae_vaults_circle_grid_b, hangedman_vaults_river_flow,
          nicolae_vaults_alarming, v_rooms_5, vaults_room_grid, v_alt_pattern_1,
          vaults_dpeg_hooks, nicolae_vaults_specimen_jars
Vaults:3: nicolae_vaults_three_branches, nicolae_vaults_arrows,
          ontoclasm_vaults_twist, grunt_vaults_funnel, ontoclasm_vaults_chip,
          ontoclasm_vaults_tryst, ontoclasm_vaults_ligature,
          dpeg_vaults_monster_box, vaults_dpeg_ring,
          ontoclasm_vaults_claustrophobia, special_room_vaults,
          hangedman_vaults_stream, ontoclasm_vaults_decontamination, v_misc_23,
          vaults_room_grid, uniq_xtahua
Vaults:4: vaults_dpeg_spiral, v_pattern_5, nicolae_vaults_quartermaster,
          ontoclasm_vaults_shuriken, ontoclasm_vaults_loading_screen,
          hangedman_vaults_trim, dpeg_vaults_monster_row,
          portal_desolation_entry_ruin, serial_shops, nicolae_shop_behind_doors,
          uniq_boris, uniq_donald
Depths:1: nicolae_two_hexagons, hellmouth_3, serial_sigils_hangedman_gut,
          kennysheep_small_square, uniq_sojobo
Depths:2: evilmike_diamond_2, abyss_entry_flame_altar, pf_coc_iceberg,
          minmay_fountain_box, minmay_staircase_bubble
Depths:3: grunt_profane_halls, hell_entry, pan_entry
Depths:4: hangedman_cross_stitches, grunt_metal_band, abyss_entry,
          minmay_shop_grove, infiniplex_staircase_diamond, serial_bayou_shore_b
Depths:5: evilmike_zot_entry_hall, enter_ziggurat_d, mu_enter_wizlab_1,
          hell_entry, grunt_decor_resistance, abyss_entry,
          hangedman_decor_peaks_small, basic_stair_grate_trap, uniq_jory
Zot:1:    nicolae_zot_draconian_monastery, hangedman_zot_decor_tridents
Zot:4:    kennysheep_ambush_hall
Abyss:3:  evilmike_abyss_exit_14
Bazaar:   bazaar_jpeg_circle_common
Trove:    trove_armour_1
IceCv:    ice_cave_caverns_03

Action                   |  1- 3 |  4- 6 |  7- 9 | 10-12 | 13-15 | 16-18 | 19-21 | 22-24 | 25-27 || total
-------------------------+-------+-------+-------+-------+-------+-------+-------+-------+-------++-------
Melee: Hand axe          |    78 |   190 |   197 |       |       |       |       |       |       ||   465
       Headbutt          |    12 |    36 |    35 |   145 |   196 |   211 |   294 |   330 |   472 ||  1731
       War axe           |       |       |    43 |   591 |       |       |       |       |       ||   634
       Executioner's axe |       |       |       |   145 |   957 |   952 |   892 |  1003 |  1923 ||  5872
       Double sword      |       |       |       |       |       |       |    11 |       |       ||    11
       Battleaxe         |       |       |       |       |       |       |   299 |   448 |       ||   747
Throw: Javelin           |       |       |       |       |       |     2 |       |     1 |       ||     3
Invok: Berserk           |     1 |     1 |     5 |    10 |    14 |     5 |       |       |     1 ||    37
       Trog's Hand       |       |     4 |     3 |    12 |    28 |    23 |    32 |    25 |    75 ||   202
       Burn Spellbooks   |       |       |       |     1 |     3 |       |     6 |     5 |     3 ||    18
       Brothers in Arms  |       |       |       |       |       |     1 |     5 |    15 |     8 ||    29
Evoke: Wand              |       |       |       |       |    24 |     6 |     2 |     2 |    17 ||    51
  Use: Potion            |       |     8 |     2 |     2 |     2 |     8 |    14 |     2 |     5 ||    43
       Scroll            |       |     8 |     4 |     7 |    17 |    13 |    23 |     7 |    22 ||   101
 Stab: Distracted        |     1 |       |       |       |       |       |     1 |     2 |     1 ||     5
       Sleeping          |       |       |       |     1 |       |       |       |       |       ||     1
       Confused          |       |       |       |       |       |     1 |       |       |       ||     1
  Eat: Chunk             |     3 |    12 |    11 |    32 |    50 |    14 |    21 |    31 |    34 ||   208
       Beef jerky        |       |       |     1 |     1 |       |     1 |     1 |     1 |     1 ||     6
       Bread ration      |       |       |       |     1 |     1 |     1 |     1 |     2 |       ||     6
       Fruit             |       |       |       |       |     5 |     8 |       |       |     2 ||    15
       Meat ration       |       |       |       |       |       |     3 |     5 |     1 |     7 ||    16
       Pizza             |       |       |       |       |       |     1 |       |       |     3 ||     4
       Royal jelly       |       |       |       |       |       |       |       |       |     4 ||     4
Armor: Animal skin       |    22 |    19 |    64 |    33 |       |       |       |       |       ||   138
       Plate armour      |       |       |       |   401 |   592 |   545 |    96 |       |       ||  1634
       Gold dragon scale |       |       |       |       |       |       |   446 |   825 |  1135 ||  2406
Dodge: Dodged            |    51 |    91 |   101 |   304 |   803 |   675 |   695 |  1058 |  1407 ||  5185
Block: Buckler           |       |       |    20 |    57 |       |       |       |       |       ||    77
       Rpst.: Double sword |       |       |       |       |       |       |     4 |       |       ||     4
